PAAA
BALTIMORE BLACK SOX @ CALGARY LYNX
06/19/2034
 
TOP OF THE 1ST
Baltimore Black Sox batting - Pitching for Calgary Lynx : RHP Lorenzo Díaz
Pitching: RHP Lorenzo Díaz
Batting: RHB Jeb Sexton 0-0: Ground out U3 (Groundball, 34)
Batting: RHB Lee Storment 0-0: Ball
1-0: SOLO HOME RUN (Line Drive, 89D), Distance : 388 ft
Batting: RHB Daniel Bertrand 0-0: Called Strike
0-1: Swinging Strike
0-2: Ball
1-2: Ball
2-2: DOUBLE (Line Drive, 9LD)
Batting: LHB Henry Madore 0-0: Called Strike
Daniel Bertrand steals 3rd base
0-1: Ball
1-1: Ball
2-1: SINGLE (Groundball, 34D)
Daniel Bertrand scores
Batting: RHB Armando Alvarado 0-0: Foul Ball, location: 2F
0-1: Ball
1-1: Ground out 6-3 (Groundball, 6S)
Henry Madore to second
Batting: LHB Marcos Costa 0-0: Swinging Strike
0-1: Swinging Strike
0-2: Strikes out looking
Top of the 1st over - 2 runs, 3 hits, 0 errors, 1 left on base; Baltimore 2 - Calgary 0
BOTTOM OF THE 1ST
Calgary Lynx batting - Pitching for Baltimore Black Sox : LHP Dale Snider
Pitching: LHP Dale Snider
Batting: RHB Jing-sheng Joo 0-0: Ball
1-0: SINGLE (Groundball, 56D)
Batting: LHB Michael Ward 0-0: Called Strike
0-1: Foul Ball, location: 2F
0-2: SINGLE (Groundball, 3L) (infield hit)
Jing-sheng Joo to second
Batting: RHB Júlio Vargas 0-0: Ground out 5-3 (Groundball, 56S)
Jing-sheng Joo to third
Michael Ward to second
Batting: RHB José de la Cavallería 0-0: Ball
1-0: Called Strike
1-1: Swinging Strike
1-2: SINGLE (Groundball, 4M) (infield hit)
Jing-sheng Joo scores
Michael Ward to third
Batting: RHB Jimmy Fick 0-0: Called Strike
0-1: Called Strike
0-2: Foul Ball, location: 2F
0-2: Ball
1-2: Ground out 5-3 (Groundball, 56S)
Michael Ward scores
José de la Cavallería to second
Batting: LHB Daniel García 0-0: Foul Ball, location: 2F
0-1: Swinging Strike
0-2: Ground out U3 (Groundball, 34)
Bottom of the 1st over - 2 runs, 3 hits, 0 errors, 1 left on base; Baltimore 2 - Calgary 2
TOP OF THE 2ND
Baltimore Black Sox batting - Pitching for Calgary Lynx : RHP Lorenzo Díaz
Batting: SHB Alex Mable 0-0: Fly out, F7 (Flyball, 7LSF)
Batting: RHB Edward Payne 0-0: Fly out, F8 (Flyball, 8RD)
Batting: RHB Adrian Barr 0-0: Ball
1-0: Called Strike
1-1: Called Strike
1-2: Strikes out swinging
Top of the 2nd over - 0 runs, 0 hits, 0 errors, 0 left on base; Baltimore 2 - Calgary 2
BOTTOM OF THE 2ND
Calgary Lynx batting - Pitching for Baltimore Black Sox : LHP Dale Snider
Batting: RHB Dave Sosa 0-0: Fly out, F9 (Flyball, 9)
Batting: RHB Rubén Medina 0-0: Ball
1-0: Called Strike
1-1: Foul Ball, location: 2F
1-2: Strikes out swinging
Batting: LHB Xuan-ling Chen 0-0: Foul Ball, location: 2F
0-1: Ball
1-1: Called Strike
1-2: Ball
2-2: Foul Ball, location: 2F
2-2: Strikes out swinging
Bottom of the 2nd over - 0 runs, 0 hits, 0 errors, 0 left on base; Baltimore 2 - Calgary 2
TOP OF THE 3RD
Baltimore Black Sox batting - Pitching for Calgary Lynx : RHP Lorenzo Díaz
Batting: RHB Jeb Sexton 0-0: Called Strike
0-1: Ball
1-1: Ball
2-1: Fly out, F7 (Flyball, 7)
Batting: RHB Lee Storment 0-0: Ball
1-0: Foul Ball, location: 2F
1-1: Ball
2-1: Called Strike
2-2: Ground out 5-3 (Groundball, 56)
Batting: RHB Daniel Bertrand 0-0: Fly out, F2 (Popup, 25F)
Top of the 3rd over - 0 runs, 0 hits, 0 errors, 0 left on base; Baltimore 2 - Calgary 2
BOTTOM OF THE 3RD
Calgary Lynx batting - Pitching for Baltimore Black Sox : LHP Dale Snider
Batting: RHB Jing-sheng Joo 0-0: Ball
1-0: Foul Ball, location: 2F
1-1: Called Strike
1-2: Strikes out swinging
Batting: LHB Michael Ward 0-0: Called Strike
0-1: Ground out U3 (Groundball, 34S)
Batting: RHB Júlio Vargas 0-0: Swinging Strike
0-1: Swinging Strike
0-2: Strikes out looking
Bottom of the 3rd over - 0 runs, 0 hits, 0 errors, 0 left on base; Baltimore 2 - Calgary 2
TOP OF THE 4TH
Baltimore Black Sox batting - Pitching for Calgary Lynx : RHP Lorenzo Díaz
Batting: LHB Henry Madore 0-0: Ground out 6-3 (Groundball, 6)
Batting: RHB Armando Alvarado 0-0: Ball
1-0: Swinging Strike
1-1: Ball
2-1: Foul Ball, location: 2F
2-2: Foul Ball, location: 2F
2-2: Ball
3-2: SOLO HOME RUN (Flyball, 78XD), Distance : 433 ft
Batting: LHB Marcos Costa 0-0: Called Strike
0-1: Called Strike
0-2: Ball
1-2: Ground out 4-3 (Groundball, 4)
Batting: SHB Alex Mable 0-0: SINGLE (Line Drive, 56D)
Batting: RHB Edward Payne 0-0: Ball
1-0: Ball
2-0: Ball
3-0: Called Strike
3-1: Foul Ball, location: 2F
3-2: Base on Balls
Alex Mable to second
Batting: RHB Adrian Barr 0-0: Ball
1-0: Called Strike
1-1: Foul Ball, location: 2F
1-2: Foul Ball, location: 2F
1-2: Foul Ball, location: 2F
1-2: Foul Ball, location: 2F
1-2: Foul Ball, location: 2F
1-2: Ball
2-2: Foul Ball, location: 2F
2-2: Fielders Choice at 2nd, 5-4 (Groundball, 56)
Top of the 4th over - 1 run, 2 hits, 0 errors, 2 left on base; Baltimore 3 - Calgary 2
BOTTOM OF THE 4TH
Calgary Lynx batting - Pitching for Baltimore Black Sox : LHP Dale Snider
Batting: RHB José de la Cavallería 0-0: Called Strike
0-1: Called Strike
0-2: Ground out 5-3 (Groundball, 5)
Batting: RHB Jimmy Fick 0-0: Ball
1-0: Swinging Strike
1-1: Foul Ball, location: 2F
1-2: Fly out, F7 (Flyball, 78D)
Batting: LHB Daniel García 0-0: Ball
1-0: Foul Ball, location: 2F
1-1: Ball
2-1: Ball
3-1: Ground out 4-3 (Groundball, 4)
Bottom of the 4th over - 0 runs, 0 hits, 0 errors, 0 left on base; Baltimore 3 - Calgary 2
TOP OF THE 5TH
Baltimore Black Sox batting - Pitching for Calgary Lynx : RHP Lorenzo Díaz
Batting: RHB Jeb Sexton 0-0: Called Strike
0-1: Ball
1-1: Ball
2-1: SINGLE (Flyball, 89S)
Batting: RHB Lee Storment 0-0: Bunted foul
0-1: Ball
1-1: Ball
2-1: Bunted foul
2-2: Fly out, F9 (Flyball, 9S)
Batting: RHB Daniel Bertrand 0-0: Called Strike
Jeb Sexton steals 2nd base
0-1: Ball
Jeb Sexton steals 3rd base
1-1: Foul Ball, location: 2F
1-2: Ball
2-2: Ball
3-2: DOUBLE (Line Drive, 7LM)
Jeb Sexton scores
Batting: LHB Henry Madore 0-0: Ball
1-0: Ground out 5-3 (Groundball, 56)
Batting: RHB Armando Alvarado 0-0: Ball
1-0: Called Strike
1-1: Fly out, F7 (Flyball, 7D)
Top of the 5th over - 1 run, 2 hits, 0 errors, 1 left on base; Baltimore 4 - Calgary 2
BOTTOM OF THE 5TH
Calgary Lynx batting - Pitching for Baltimore Black Sox : LHP Dale Snider
Batting: RHB Dave Sosa 0-0: Called Strike
0-1: Foul Ball, location: 2F
0-2: Strikes out looking
Batting: RHB Rubén Medina 0-0: Foul Ball, location: 2F
0-1: Foul Ball, location: 2F
0-2: SINGLE (Line Drive, 3)
Batting: LHB Xuan-ling Chen 0-0: Ball
Wild Pitch!
Rubén Medina to second
1-0: Ball
2-0: Called Strike
2-1: Ball
3-1: Ground out 4-3 (Groundball, 4S)
Rubén Medina to third
Batting: RHB Jing-sheng Joo 0-0: Called Strike
0-1: SINGLE (Groundball, 56S) (infield hit)
Rubén Medina scores
Batting: LHB Michael Ward 0-0: TRIPLE (Flyball, 89XD)
Jing-sheng Joo scores
Batting: RHB Júlio Vargas 0-0: Ball
1-0: Ball
2-0: Ball
3-0: Base on Balls
Batting: RHB José de la Cavallería Pickoff Throw to First - Out!
Bottom of the 5th over - 2 runs, 3 hits, 0 errors, 1 left on base; Baltimore 4 - Calgary 4
TOP OF THE 6TH
Baltimore Black Sox batting - Pitching for Calgary Lynx : RHP Lorenzo Díaz
Batting: LHB Marcos Costa 0-0: SINGLE (Groundball, 34D)
Batting: SHB Alex Mable 0-0: Ball
1-0: Sac Bunt - play at first, batter OUT! 1-4
Marcos Costa to second
Batting: RHB Edward Payne 0-0: Called Strike
0-1: Ball
1-1: Ball
2-1: Foul Ball, location: 2F
2-2: Foul Ball, location: 2F
2-2: Foul Ball, location: 2F
2-2: Strikes out looking
Batting: RHB Adrian Barr 0-0: Called Strike
0-1: Ball
1-1: Called Strike
1-2: Strikes out swinging
Top of the 6th over - 0 runs, 1 hit, 0 errors, 1 left on base; Baltimore 4 - Calgary 4
BOTTOM OF THE 6TH
Calgary Lynx batting - Pitching for Baltimore Black Sox : LHP Dale Snider
Batting: RHB José de la Cavallería 0-0: Fly out, F9 (Flyball, 9LS)
Batting: RHB Jimmy Fick 0-0: Ball
1-0: Ball
2-0: Foul Ball, location: 2F
2-1: Foul Ball, location: 2F
2-2: SOLO HOME RUN (Line Drive, 8RXD), Distance : 439 ft
Batting: LHB Daniel García 0-0: Ground out 4-3 (Groundball, 4)
Batting: RHB Dave Sosa 0-0: Ball
1-0: Ball
2-0: Ball
3-0: Base on Balls
Batting: RHB Rubén Medina 0-0: Called Strike
0-1: Ball
1-1: Called Strike
1-2: Strikes out swinging
Bottom of the 6th over - 1 run, 1 hit, 0 errors, 1 left on base; Baltimore 4 - Calgary 5
TOP OF THE 7TH
Baltimore Black Sox batting - Pitching for Calgary Lynx : RHP Lorenzo Díaz
Batting: RHB Jeb Sexton 0-0: Fly out, F5 (Line Drive, 5L)
Batting: RHB Lee Storment 0-0: SOLO HOME RUN (Flyball, 7D), Distance : 399 ft
Batting: RHB Daniel Bertrand 0-0: Ground out 6-3 (Groundball, 6)
Batting: LHB Henry Madore 0-0: Ball
1-0: Foul Ball, location: 2F
1-1: Foul Ball, location: 2F
1-2: Foul Ball, location: 2F
1-2: Strikes out swinging
Top of the 7th over - 1 run, 1 hit, 0 errors, 0 left on base; Baltimore 5 - Calgary 5
BOTTOM OF THE 7TH
Calgary Lynx batting - Pitching for Baltimore Black Sox : LHP Dale Snider
Pinch Hitting: RHB Hani Azwan 0-0: Called Strike
0-1: Fly out, F7 (Flyball, 7LDF)
Batting: RHB Jing-sheng Joo 0-0: SINGLE (Groundball, 4MD)
Pinch Hitting: RHB Alberto Salas 0-0: Ball
Jing-sheng Joo is caught stealing 2nd base
1-0: Swinging Strike
1-1: Swinging Strike
1-2: Fly out, F8 (Flyball, 8RM)
Bottom of the 7th over - 0 runs, 1 hit, 0 errors, 0 left on base; Baltimore 5 - Calgary 5
TOP OF THE 8TH
Baltimore Black Sox batting - Pitching for Calgary Lynx : RHP Lorenzo Díaz
Pitching: LHP Felipe Machado
Now at 1B: Bertrand Pick
Now in RF: Hani Azwan
Batting: RHB Armando Alvarado 0-0: Called Strike
0-1: Ball
1-1: Ball
2-1: Foul Ball, location: 2F
2-2: Ground out 6-3 (Groundball, 6)
Pinch Hitting: LHB Ramón Flores 0-0: Called Strike
0-1: SINGLE (Line Drive, 8RS)
Batting: SHB Alex Mable 0-0: Bunted foul
0-1: Bunted foul
0-2: Ground out 5-3 (Groundball, 56)
Ramón Flores to second
Batting: RHB Edward Payne 0-0: Called Strike
0-1: Ball
1-1: Ball
2-1: Ball
3-1: Foul Ball, location: 2F
3-2: Base on Balls
Batting: RHB Adrian Barr 0-0: Ball
1-0: Ball
2-0: Ball
3-0: Called Strike
3-1: Base on Balls
Ramón Flores to third
Edward Payne to second
Batting: RHB Jeb Sexton 0-0: Called Strike
0-1: Ball
1-1: Ball
2-1: Ball
3-1: Base on Balls
Ramón Flores scores
Edward Payne to third
Adrian Barr to second
Batting: RHB Lee Storment 0-0: Ball
1-0: Called Strike
1-1: Foul Ball, location: 2F
1-2: Strikes out swinging
Top of the 8th over - 1 run, 1 hit, 0 errors, 3 left on base; Baltimore 6 - Calgary 5
BOTTOM OF THE 8TH
Calgary Lynx batting - Pitching for Baltimore Black Sox : LHP Dale Snider
Now at 2B: Ramón Flores
Now in RF: Maikel Cobblepot
Batting: RHB Júlio Vargas 0-0: Ball
1-0: Foul Ball, location: 2F
1-1: Foul Ball, location: 2F
1-2: Ball
2-2: Ground out 6-3 (Groundball, 6MD)
Batting: RHB José de la Cavallería 0-0: Called Strike
0-1: Foul Ball, location: 2F
0-2: Ball
1-2: Ball
2-2: Ball
3-2: Base on Balls
Batting: RHB Jimmy Fick 0-0: Called Strike
0-1: Fly out, F3 (Popup, 3L)
Batting: LHB Daniel García 0-0: Ground out 4-3 (Groundball, 4)
Bottom of the 8th over - 0 runs, 0 hits, 0 errors, 1 left on base; Baltimore 6 - Calgary 5
TOP OF THE 9TH
Baltimore Black Sox batting - Pitching for Calgary Lynx : LHP Felipe Machado
Batting: RHB Daniel Bertrand 0-0: SINGLE (Groundball, 34) (infield hit)
Batting: LHB Henry Madore 0-0: Ball
1-0: Ball
2-0: Called Strike
2-1: Foul Ball, location: 2F
2-2: Fielders Choice at 2nd, 6-4 (Groundball, 6M)
Batting: RHB Armando Alvarado 0-0: Foul Ball, location: 2F
0-1: Called Strike
0-2: Ball
Wild Pitch!
Henry Madore to second
1-2: Foul Ball, location: 2F
1-2: Ball
2-2: Ball
3-2: Intentional Walk
Batting: LHB Ramón Flores 0-0: Ball
1-0: Called Strike
1-1: Ball
2-1: SINGLE (Groundball, 34D)
Henry Madore to third
Armando Alvarado to second
Runner from 3rd tries for Home, SAFE, no throw
Batting: SHB Alex Mable 0-0: Called Strike
0-1: Foul Ball, location: 2F
0-2: Foul Ball, location: 2F
0-2: Foul Ball, location: 2F
0-2: Ball
1-2: Ball
2-2: Ball
3-2: Foul Ball, location: 2F
3-2: Base on Balls
Armando Alvarado to third
Ramón Flores to second
Pitching: RHP Juan Montoya
Batting: RHB Edward Payne 0-0: Called Strike
0-1: Ball
1-1: Ball
2-1: Grounds into fielders choice 6-2 (Groundball, 6)
Ramón Flores to third
Alex Mable to second
Batting: RHB Adrian Barr 0-0: Ball
1-0: Ball
2-0: Ball
3-0: Base on Balls
Ramón Flores scores
Alex Mable to third
Edward Payne to second
Batting: RHB Jeb Sexton 0-0: Fielders Choice at 2nd, 5-4 (Groundball, 56)
Top of the 9th over - 2 runs, 2 hits, 0 errors, 3 left on base; Baltimore 8 - Calgary 5
BOTTOM OF THE 9TH
Calgary Lynx batting - Pitching for Baltimore Black Sox : LHP Dale Snider
Pitching: LHP Ilie Paunescu
Batting: RHB Dave Sosa 0-0: Ball
1-0: Ball
2-0: Called Strike
2-1: Ball
3-1: Base on Balls
Batting: RHB Rubén Medina 0-0: Ball
1-0: Ball
2-0: Ball
3-0: Base on Balls
Dave Sosa to second
Batting: RHB Hani Azwan 0-0: Foul Ball, location: 2F
0-1: Grounds into double play, 6-4-3 (Groundball, 6)
Dave Sosa to third
Batting: RHB Jing-sheng Joo 0-0: Ground out 1-3 (Groundball, 13)
Bottom of the 9th over - 0 runs, 0 hits, 0 errors, 1 left on base; Baltimore 8 - Calgary 5
Friday, March 29th, 2019 - OOTP Baseball 18.8 Build 76